 Dungeon Crawl Stone Soup version 0.20-a0-638-gd210ae2 (webtiles) character file.

4519 Angani the Slinger (level 10, -7/65 HPs)
             Began as a Halfling Hunter on Feb 12, 2017.
             Was a Believer of Okawaru.
             Mangled by a two-headed ogre
             ... wielding a +0 giant spiked club
              (20 damage)
             ... on level 8 of the Dungeon.
             The game lasted 00:24:11 (10206 turns).

Angani the Slinger (Halfling Hunter)               Turns: 10206, Time: 00:24:12

Health: -7/65      AC:  9    Str: 18    XL:     10   Next: 66%
Magic:  13/13      EV: 17    Int:  9    God:    Okawaru [**....]
Gold:   357        SH:  6    Dex: 19    Spells: 9/9 levels left

rFire    . . .     SeeInvis +   G - +1 rapier (speed)
rCold    . . .     Gourm    .   o - +0 ring mail
rNeg     . . .     Faith    .   E - +0 buckler
rPois    .         Spirit   .   q - +1 helmet
rElec    .         Reflect  .   (no cloak)
rCorr    .         Harm     .   t - +0 pair of gloves
MR       +....                  (no boots)
Stlth    +++.......             (no amulet)
Regen    0.2/turn               A - ring of see invisible
                                l - ring of protection from magic

@: mighty
A: mutation resistance 1
a: Heroism, Renounce Religion


You were on level 8 of the Dungeon.
You worshipped Okawaru.
Okawaru was pleased with you.
You were hungry.

You visited 2 branches of the dungeon, and saw 9 of its levels.

You collected 357 gold pieces.

Inventory:

Hand Weapons
 a - a +1 hunting sling
 G - a +1 rapier of speed (weapon)
Missiles
 d - 50 sling bullets
 e - 172 stones (quivered)
Armour
 o - a +0 ring mail (worn)
 q - a +1 helmet (worn)
 t - a +0 pair of gloves (worn)
 E - a +0 buckler (worn)
Jewellery
 l - a ring of protection from magic (left hand)
 A - a ring of see invisible (right hand)
 C - an uncursed ring of poison resistance
 D - an uncursed ring of ice
Wands
 F - a wand of acid (8/15)
Scrolls
 b - a scroll of fear {unknown}
 h - 7 scrolls of remove curse
 j - 2 scrolls of amnesia
 n - a scroll of recharging
 r - a scroll of noise {unknown}
 u - a scroll of random uselessness {unknown}
 v - a scroll of enchant weapon {unknown}
 x - a scroll of immolation {unknown}
 y - 2 scrolls of teleportation {unknown}
Potions
 i - 2 potions of might
 k - a potion of agility
 m - 2 potions of curing
 p - 2 potions of magic {unknown}
 z - 4 potions of lignification
 B - a potion of cancellation
 H - a potion of flight {unknown}
Comestibles
 c - 2 fruits
 f - 9 bread rations
 g - 4 royal jellies
 w - 3 meat rations


   Skills:
 + Level 4.7 Fighting
 - Level 5.0 Short Blades
 - Level 12.0 Slings
 - Level 5.0 Armour
 - Level 5.3 Dodging
 - Level 7.3 Stealth
 - Level 4.0 Shields
 - Level 5.2 Invocations


You had 9 spell levels left.
You didn't know any spells.

Dungeon Overview and Level Annotations

Branches:
Dungeon (8/15)             Temple (1/1) D:6
   Lair: D:8-11

Altars:
Ashenzari
Cheibriados
Dithmenos
Elyvilon
Fedhas
Gozag
Hepliaklqana
Kikubaaqudgha
Makhleb
Nemelex Xobeh
Okawaru
Qazlal
Sif Muna
Trog
Uskayaw
Vehumet
Xom
Yredelemnul
Zin
The Shining One

Shops:
D:5 *   D:6 %


Innate Abilities, Weirdness & Mutations

You are small and have problems with some larger weapons.
You are somewhat resistant to further mutation.


Message History

Press: ? - help, Shift-Dir - straight line, f/p - two-headed ogre
Aim: a two-headed ogre, wielding a giant spiked club and a giant club (heavily wounded)
You shoot a sling bullet.
The sling bullet hits the two-headed ogre.
The two-headed ogre is heavily wounded.
The two-headed ogre hits you with a giant spiked club!!
* * * LOW HITPOINT WARNING * * *
The two-headed ogre closely misses you.
Wield which item (- for none, * to show all)? (? for menu, Esc to quit)
Your hands tingle!
G - a +1 rapier of speed (weapon)
Unknown command.
You feel very mighty all of a sudden. The two-headed ogre barely misses you.
The two-headed ogre misses you.
You hit the two-headed ogre.
The two-headed ogre is severely wounded.
You puncture the two-headed ogre!
The two-headed ogre is almost dead.
The two-headed ogre hits you with a giant spiked club!!
You die...

...........#
...........## #.
.......O....# #..
...........# ##..#
..........# #...
..........# ###..#
.......(.# #######..#
.......(########.......#
.......(#..(cO@..###...##
........((.####### ##†..#
# ###....##### #...# #
####. ##.># # .. #..## ##
..# ##..# #. .. #..# ##.
... ##.## #.. #..###..


You could see a two-headed ogre and a centaur.

Vanquished Creatures
  A two-headed ogre (D:8)
  Pikel (D:5)
  Grinder (D:5)
  A spriggan (D:7)
  Sigmund (D:5)
  Eustachio (D:6)
  Menkaure (D:6)
  A water moccasin (D:8)
  An orc warrior (D:7)
  An ice beast (D:7)
  A phantom (D:7)
  5 ogres
  2 centaurs
  A big kobold (D:8)
  A bullfrog (D:7)
  Blork the orc (D:6)
  4 wights (D:7)
  3 howler monkeys (D:7)
  4 crimson imps
  A centaur zombie (D:8)
  2 jellies
  6 hounds
  2 orc priests (D:7)
  An iguana (D:5)
  4 orc wizards
  6 worker ants
  A hound zombie (D:7)
  A hound skeleton (D:4)
  Robin (D:2)
  11 gnolls
  18 adders
  3 shadow imps
  3 oozes
  An adder zombie (D:8)
  An adder skeleton (D:5)
  A worm (D:3)
  2 dart slugs (D:1)
  6 leopard geckos
  9 orcs
  9 giant cockroaches
  14 goblins
  8 hobgoblins
  12 jackals
  6 quokkas
  14 bats
  4 frilled lizards
  16 kobolds
  A quokka skeleton (D:4)
  4 rats
200 creatures vanquished.

Vanquished Creatures (others)
  A slave (D:6)
  A bullfrog (D:6)
  A water moccasin skeleton (D:8)
  3 hounds
  A leopard gecko (D:4)
  A quokka skeleton (D:4)
8 creatures vanquished.

Grand Total: 208 creatures vanquished

Notes
Turn   | Place    | Note
-------+----------+-------------------------------------------
     0 | D:1      | Angani the Halfling Hunter began the quest for the Orb.
     0 | D:1      | Reached XP level 1. HP: 14/14 MP: 1/1
    81 | D:1      | Reached skill level 1 in Short Blades
   296 | D:1      | Reached XP level 2. HP: 18/19 MP: 2/2
   751 | D:1      | Reached XP level 3. HP: 21/24 MP: 3/3
  1544 | D:2      | Noticed Robin
  1547 | D:2      | Reached XP level 4. HP: 20/29 MP: 4/4
  1556 | D:2      | Killed Robin
  2088 | D:2      | Reached skill level 5 in Short Blades
  2088 | D:2      | Reached XP level 5. HP: 23/34 MP: 5/5
  2703 | D:2      | Found a bloodstained altar of Trog.
  2703 | D:2      | Found a basalt altar of Yredelemnul.
  2775 | D:3      | Found a faded altar of an unknown god.
  2965 | D:3      | Found a shadowy altar of Dithmenos.
  2985 | D:3      | Found a glowing golden altar of the Shining One.
  3649 | D:4      | Reached XP level 6. HP: 31/39 MP: 6/6
  3912 | D:4      | Noticed an ogre
  3925 | D:4      | Killed an ogre
  3925 | D:4      | Reached skill level 5 in Dodging
  3974 | D:4      | Found a shimmering altar of Xom.
  4007 | D:4      | Reached skill level 1 in Armour
  4157 | D:4      | Found a deep blue altar of Sif Muna.
  4214 | D:4      | Reached XP level 7. HP: 43/44 MP: 7/7
  4614 | D:4      | Found a stormy altar of Qazlal.
  4615 | D:4      | Found an opulent altar of Gozag.
  4778 | D:5      | Entered Level 5 of the Dungeon
  4966 | D:5      | Noticed Grinder
  4987 | D:5      | Killed Grinder
  4987 | D:5      | Reached skill level 7 in Slings
  4987 | D:5      | Reached XP level 8. HP: 49/49 MP: 8/8
  5127 | D:5      | Noticed Sigmund
  5145 | D:5      | Killed Sigmund
  5145 | D:5      | Reached skill level 9 in Slings
  5195 | D:5      | Found a hide-covered altar of Uskayaw.
  5480 | D:5      | Reached skill level 5 in Armour
  5672 | D:5      | Found Opaxzuziop's Serpentskin Sales.
  6202 | D:6      | Noticed Eustachio
  6205 | D:6      | Noticed Blork the orc
  6616 | D:6      | Noticed Pikel
  6672 | D:5      | Killed Pikel
  6672 | D:5      | Reached XP level 9. HP: 30/54 MP: 9/9
  6999 | D:6      | Killed Eustachio
  7224 | D:6      | Found a staircase to the Ecumenical Temple.
  7242 | D:6      | Killed Blork the orc
  7343 | Temple   | Entered the Ecumenical Temple
  7373 | Temple   | Became a worshipper of Warmaster Okawaru
  7683 | D:6      | Found Hegawit's Food Emporium.
  7897 | D:7      | Noticed Menkaure
  7912 | D:7      | Reached skill level 10 in Slings
  7918 | D:6      | Killed Menkaure
  8514 | D:7      | Reached * piety under Okawaru
  8524 | D:7      | Reached skill level 11 in Slings
  8752 | D:7      | Reached XP level 10. HP: 59/60 MP: 10/10
  9043 | D:7      | Reached skill level 12 in Slings
  9287 | D:7      | Reached skill level 5 in Invocations
  9673 | D:8      | Reached ** piety under Okawaru
  9679 | D:8      | Noticed a two-headed ogre
  9772 | D:8      | Killed a two-headed ogre
 10175 | D:8      | Noticed a two-headed ogre
 10206 | D:8      | Mangled by a two-headed ogre

Vault maps used:
D:1:      minmay_arrival_cross, st_stairs_12, minmay_hexomino_u4
D:2:      gammafunk_temple_overflow_elements, first_bread, uniq_robin
D:3:      nicolae_dithmenos_through_a_glass_darkly, tso_metal_star,
          chequers_ecumenical_altar_simple_redux
D:4:      xom_confusion_cloud, overflow_temple_1_default,
          nicolae_overflow_hidden_temple
D:5:      eat_drink_and_be_merry_uskayaw, guppyfry_shop_venom, uniq_sigmund,
          uniq_grinder
D:6:      minmay_temple_entry_junction_2, serial_shops, shop, uniq_pikel,
          uniq_eustachio, uniq_edmund, uniq_blork_the_orc
D:7:      the_bakery, grunt_decor_cap, minmay_misc_feat_doors, roderic_batcave,
          uniq_menkaure
Temple:   minmay_temple_bridge_abc

Skill      XL: |  1  2  3  4  5  6  7  8  9 10 |
---------------+-------------------------------+-----
Short Blades   | 2 3 5 |  5.0
Dodging        | 4 5 |  5.3
Armour         | 2 4 5 |  5.0
Slings         | 7 9 11 12 | 12.0
Stealth        | 7 |  7.3
Shields        | 4 |  4.0
Invocations    | 5 |  5.2
Fighting       | 4 |  4.7

Action                   |  1- 3 |  4- 6 |  7- 9 | 10-12 || total
-------------------------+-------+-------+-------+-------++-------
Melee: Short sword       |    98 |   259 |   176 |       ||   533
       Rapier            |       |       |       |    69 ||    69
 Fire: Hunting sling     |    20 |    39 |   496 |   220 ||   775
  Use: Scroll            |       |    10 |     3 |       ||    13
       Potion            |       |       |       |     2 ||     2
 Stab: Sleeping          |       |     1 |       |     3 ||     4
  Eat: Chunk             |     2 |     9 |    13 |     4 ||    28
Armor: Leather armour    |    15 |       |       |       ||    15
       Ring mail         |    10 |    87 |    96 |    18 ||   211
Dodge: Dodged            |    66 |   177 |   262 |    69 ||   574
Block: Buckler           |       |       |    33 |    33 ||    66
